 Dungeon Crawl Stone Soup version 0.26-a0-812-g31a745ddcd (webtiles) character file.

Game seed: 7215955538172348839

19054 raph the Basher (level 12, -6/108 HPs)
             Began as a Minotaur Fighter on Nov 19, 2020.
             Was the Champion of Zin.
             Killed from afar by an electric eel (7 damage)
             ... with a bolt of electricity
             ... on level 3 of the Lair of Beasts.
             The game lasted 00:25:27 (13282 turns).

raph the Basher (Minotaur Fighter)                 Turns: 13282, Time: 00:25:28

Health: -6/108     AC: 14    Str: 29    XL:     12   Next: 33%
Magic:  16/17      EV: 15    Int: 14    God:    Zin [******]
Gold:   542        SH:  6    Dex: 19    Spells: 10/11 levels left

rFire    . . .     SeeInvis .   a - +5 morningstar
rCold    . . .     Faith    +   l - +0 buckler
rNeg     . . .     Spirit   .   f - +0 chain mail
rPois    ∞         Reflect  .   (helmet restricted)
rElec    .         Harm     .   r - +1 cloak
rCorr    .         Rampage  .   (no gloves)
MR       .....                  (no boots)
Stlth    ..........             z - amulet of faith
HPRegen  0.28/turn              i - +6 ring of strength
MPRegen  0.15/turn              G - +6 ring of intelligence

@: vitalised
A: retaliatory headbutt, horns 2
a: Recite, Vitalisation, Imprison, Sanctuary, Donate Gold, Renounce Religion


You were on level 3 of the Lair of Beasts.
You worshipped Zin.
Zin was exalted by your worship.
You visited 2 branches of the dungeon, and saw 12 of its levels.

You collected 839 gold pieces.
You spent 136 gold pieces at shops.
You donated 161 gold pieces to Zin.

Inventory:

Hand Weapons
 a - a +5 morningstar (weapon)
 J - a +2 flail
Missiles
 s - 5 curare-tipped darts (quivered)
 t - 5 javelins
Armour
 c - a +0 kite shield
 f - a +0 chain mail (worn)
 l - a +0 buckler (worn)
 r - a +1 cloak (worn)
 D - a +0 tower shield
 N - a +1 pair of gloves
Jewellery
 i - a +6 ring of strength (left hand)
 q - an uncursed ring of protection from fire
 y - an uncursed ring of resist corrosion
 z - an amulet of faith (around neck)
 G - a +6 ring of intelligence (right hand)
 H - an uncursed amulet of guardian spirit {unknown}
Wands
 w - a wand of iceblast (14)
 E - a wand of paralysis (9)
 M - a wand of flame (31)
Scrolls
 b - 8 scrolls of identify
 g - 2 scrolls of fear
 j - a scroll of blinking
 k - a scroll of enchant armour
 u - 2 scrolls of remove curse
 v - a scroll of enchant weapon
 F - a scroll of fog
 I - a scroll of magic mapping
 K - 3 scrolls of teleportation
Potions
 d - a potion of might
 e - a potion of heal wounds
 h - 3 potions of resistance
 m - 2 potions of berserk rage
 n - a potion of magic
 o - 2 potions of cancellation
 p - 2 potions of ambrosia
 x - 4 potions of brilliance
 A - a potion of invisibility
 B - a potion of curing {unknown}
 L - a potion of degeneration {unknown}


   Skills:
 + Level 10.6 Fighting
 - Level 14.0 Maces & Flails
 + Level 10.7 Armour
 + Level 9.1 Dodging
 - Level 4.0 Shields
 + Level 8.3 Invocations


You had 10 spell levels left.
You knew the following spells:

 Your Spells              Type           Power        Failure   Level
a - Apportation           Tloc           #.....       75%         1

Your spell library contained the following spells:

 Spells                   Type           Power        Failure   Level
 Animate Skeleton         Necr           #.....       75%         1
 Corona                   Hex            #......      75%         1
 Magic Dart               Conj           #...         75%         1
 Sting                    Tmut/Pois      #...         75%         1
 Summon Small Mammal      Summ           #...         75%         1
 Call Imp                 Summ           #.......     86%         2
 Poisonous Vapours        Pois/Air       #.....       86%         2
 Searing Ray              Conj           #.....       86%         2
 Call Canine Familiar     Summ           #.......     98%         3
 Confusing Touch          Hex            #.......     98%         3
 Dazzling Flash           Conj/Hex       #.....       98%         3
 Gell's Gravitas          Tloc           #.........   98%         3
 Ignite Poison            Fire/Tmut/Pois #.......     98%         3
 Mephitic Cloud           Conj/Pois/Air  #.......     98%         3
 Summon Guardian Golem    Hex/Summ       #.......     98%         3
 Fulminant Prism          Conj/Hex       #.........   100%        4
 Iskenderun's Mystic Bla  Conj/Tloc      #.......     100%        4
 Olgreb's Toxic Radiance  Pois           #.......     100%        4
 Petrify                  Tmut/Erth      #.......     100%        4
 Summon Ice Beast         Ice/Summ       #.......     100%        4
 Summon Lightning Spire   Summ/Air       #.......     100%        4
 Metabolic Englaciation   Hex/Ice        #.........   100%        5
 Yara's Violent Unravell  Hex/Tmut       #.........   100%        5


Dungeon Overview and Level Annotations

Branches:
Dungeon (9/15)             Temple (0/1) D:4            Lair (3/6) D:9
 Shoals (0/4) Lair:3
  Swamp: Lair:2-4     Snake: Lair:2-4    Spider: Lair:2-4       Orc: D:9-12

Altars:
Ashenzari
Cheibriados
Fedhas
Gozag
Kikubaaqudgha
Makhleb
Qazlal
Ru
Trog
Uskayaw
Wu Jian
Xom
Yredelemnul
Zin

Shops:
D:9 (

Annotations:
D:8 exclusion: oklob plant
Lair:3 1 runed translucent door, Deatesutut's ghost, journeyman MiFi; Rupert


Innate Abilities, Weirdness & Mutations

You reflexively headbutt those who attack you in melee.
You have a pair of horns on your head.


Message History

The blink frog blinks! x2
Rupert roars madly and goes into a rage!
Rupert goes berserk!
The electric eel shoots out a bolt of lightning at you!
The bolt of electricity hits you!
* * * LOW HITPOINT WARNING * * *
You can move again.
You feel much better.
Rupert hits you with a +1 great mace of pain!!
* * * LOW HITPOINT WARNING * * *
You writhe in agony!
* * * LOW HITPOINT WARNING * * *
Rupert barely misses you.
Press: ? - help, Dir - move target cursor
As you read the scroll of blinking, it crumbles to dust.
Found a puce potion.
You block the blink frog's attack.
The electric eel shoots out a bolt of lightning at you!
The bolt of electricity hits you!
You die...

P...............###
♣♣≈P.................
≈≈P................. ♣
♣♣♣≈..................
≈≈♣P≈≈..................
.≈≈≈;P>.................
..≈P≈...................
....P..F....[........#..
!......@@...†.......P###
..............†......#
..................####
..#.#....F........# ##.
#...(.....##.P# #
..........#####
...........#
...........## .........#


You could see Rupert (berserk), 2 blink frogs and an electric eel.

Vanquished Creatures
  3 hydras
  2 two-headed ogres
  Pikel (D:4)
  A merfolk siren (Lair:3)
  Psyche (D:9)
  Joseph (D:7)
  3 cane toads
  A rime drake (Lair:2)
  A komodo dragon (Lair:2)
  A troll (D:9)
  3 merfolk (Lair:3)
  9 blink frogs
  Eustachio (D:5)
  26 yaks
  3 basilisks
  6 water moccasins
  5 ice beasts
  5 sky beasts
  4 black bears
  A hornet zombie (D:7)
  2 phantoms
  7 ogres
  9 wolves (Lair:1)
  2 centaurs (D:9)
  2 big kobolds
  6 bullfrogs
  A gnoll sergeant (D:9)
  A water moccasin zombie (D:8)
  2 scorpions
  5 killer bees (D:9)
  6 howler monkeys
  A bullfrog skeleton (D:8)
  A bullfrog zombie (D:8)
  Crazy Yiuf (D:2)
  A gnoll shaman (D:4)
  2 jellies
  4 orc priests
  8 hounds
  2 iguanas
  A centaur skeleton (D:8)
  4 orc wizards
  6 hell rats (Lair:3)
  4 worker ants
  A killer bee zombie (D:7)
  A hound skeleton (D:7)
  13 gnolls
  A howler monkey skeleton (D:5)
  11 adders
  3 shadow imps
  2 white imps (D:5)
  An adder zombie (D:5)
  An adder skeleton (D:9)
  3 worms
  2 dart slugs
  9 leopard geckos
  23 orcs
  9 bats
  6 giant cockroaches
  9 goblins
  4 hobgoblins
  5 jackals
  7 quokkas
  5 frilled lizards
  20 kobolds
  A leopard gecko skeleton (D:4)
  A leopard gecko zombie (D:5)
  2 quokka skeletons
  8 rats
304 creatures vanquished.

Vanquished Creatures (others)
  A bush (Lair:1)
  5 fungi
  22 plants
28 creatures vanquished.

Grand Total: 332 creatures vanquished

Notes
Turn   | Place    | Note
-------+----------+-------------------------------------------
     0 | D:1      | raph the Minotaur Fighter began the quest for the Orb.
     0 | D:1      | Reached XP level 1. HP: 19/19 MP: 0/0
   145 | D:1      | Reached skill level 3 in Maces & Flails
   207 | D:1      | Reached XP level 2. HP: 26/26 MP: 1/1
   576 | D:1      | Reached skill level 4 in Maces & Flails
   771 | D:2      | Reached XP level 3. HP: 31/31 MP: 2/2
   845 | D:2      | Reached skill level 5 in Maces & Flails
   899 | D:2      | Found a sacrificial altar of Ru.
  1025 | D:2      | Reached XP level 4. HP: 39/39 MP: 3/3
  1299 | D:2      | Found a runed translucent door.
  1300 | D:2      | Noticed Crazy Yiuf
  1309 | D:2      | Killed Crazy Yiuf
  1309 | D:2      | Reached skill level 6 in Maces & Flails
  1471 | D:3      | Found a glowing silver altar of Zin.
  1573 | D:3      | Became a worshipper of Zin the Law-Giver
  1573 | D:3      | Reached * piety under Zin
  1574 | D:3      | Donated 78 gold pieces to Zin
  1934 | D:3      | Reached XP level 5. HP: 33/45 MP: 4/4
  2434 | D:3      | Reached ** piety under Zin
  2626 | D:4      | Found a staircase to the Ecumenical Temple.
  2640 | D:4      | Reached skill level 7 in Maces & Flails
  2786 | D:4      | Noticed an ogre
  2792 | D:4      | Killed an ogre
  2792 | D:4      | Reached XP level 6. HP: 51/51 MP: 5/5
  2819 | D:4      | Reached skill level 8 in Maces & Flails
  3280 | D:4      | Noticed Pikel
  3326 | D:4      | Killed Pikel
  3326 | D:4      | Reached skill level 10 in Maces & Flails
  3326 | D:4      | Reached XP level 7. HP: 22/57 MP: 6/6
  3527 | D:4      | Found a shimmering altar of Xom.
  3669 | D:4      | Reached skill level 11 in Maces & Flails
  3695 | D:4      | Reached *** piety under Zin
  3736 | D:5      | Entered Level 5 of the Dungeon
  3755 | D:5      | Reached XP level 8. HP: 64/64 MP: 7/7
  4061 | D:5      | Noticed Eustachio
  4073 | D:5      | Killed Eustachio
  4073 | D:5      | Reached skill level 12 in Maces & Flails
  4459 | D:5      | Reached skill level 13 in Maces & Flails
  4560 | D:5      | Reached **** piety under Zin
  4671 | D:5      | Found a burning altar of Makhleb.
  4671 | D:5      | Found an ornate altar of the Wu Jian Council.
  4675 | D:5      | Found a broken altar of Ashenzari.
  4675 | D:5      | Found a blossoming altar of Fedhas.
  4788 | D:5      | Learned a level 1 spell: Apportation
  5177 | D:6      | Reached XP level 9. HP: 58/70 MP: 8/8
  5471 | D:6      | Reached skill level 14 in Maces & Flails
  6228 | D:7      | Reached skill level 1 in Dodging
  6228 | D:7      | Reached skill level 1 in Invocations
  6229 | D:7      | Noticed Joseph
  6325 | D:7      | Killed Joseph
  6435 | D:7      | Reached skill level 5 in Armour
  6601 | D:7      | Reached skill level 5 in Fighting
  6773 | D:7      | Reached ***** piety under Zin
  7413 | D:8      | Reached XP level 10. HP: 83/83 MP: 11/11
  7986 | D:8      | Found an opulent altar of Gozag.
  7986 | D:8      | Noticed an oklob plant
  8513 | D:8      | Noticed a two-headed ogre
  8523 | D:8      | Killed a two-headed ogre
  8523 | D:8      | Reached skill level 5 in Dodging
  8991 | D:9      | Noticed Psyche
  9006 | D:9      | Reached skill level 5 in Invocations
  9018 | D:9      | Killed Psyche
  9262 | D:9      | Found Weeshupnicw's Antique Weapon Shoppe.
  9265 | D:9      | Bought a morningstar for 136 gold pieces
  9448 | D:9      | Found a staircase to the Lair.
  9513 | D:9      | Found a bloodstained altar of Trog.
  9514 | D:9      | Found a shimmering altar of Xom.
  9519 | D:9      | Found an opulent altar of Gozag.
  9520 | D:9      | Found an ancient bone altar of Kikubaaqudgha.
  9521 | D:9      | Found a basalt altar of Yredelemnul.
  9521 | D:9      | Found a snail-covered altar of Cheibriados.
  9524 | D:9      | Found a hide-covered altar of Uskayaw.
  9525 | D:9      | Found a stormy altar of Qazlal.
  9589 | D:9      | Noticed a two-headed ogre
  9594 | D:9      | Killed a two-headed ogre
  9603 | D:9      | Reached XP level 11. HP: 79/94 MP: 12/14
  9888 | Lair:1   | Entered Level 1 of the Lair of Beasts
  9933 | Lair:1   | Noticed an eight-headed hydra
  9952 | Lair:1   | Killed an eight-headed hydra
 11649 | Lair:2   | Reached ****** piety under Zin
 11650 | Lair:2   | Noticed an eight-headed hydra
 11656 | Lair:2   | Killed an eight-headed hydra
 11729 | Lair:2   | Noticed a seven-headed hydra
 11737 | Lair:2   | Killed a seven-headed hydra
 11953 | Lair:2   | Reached skill level 10 in Armour
 12172 | Lair:2   | Reached skill level 10 in Fighting
 12172 | Lair:2   | Reached XP level 12. HP: 95/106 MP: 16/16
 12920 | Lair:3   | Found a staircase to the Shoals.
 13222 | Lair:3   | Found a runed translucent door.
 13223 | Lair:3   | Found a shimmering altar of Xom.
 13223 | Lair:3   | Noticed Deatesutut's ghost (journeyman MiFi)
 13224 | Lair:3   | Identified the +6 great sword of the Lost Continents
                  | {chaos, +Inv rF+ rC-}
 13260 | Lair:3   | Noticed Rupert
 13274 | Lair:3   | Paralysed by Rupert for 6 turns
 13279 | Lair:3   | HP: 1/108 [electric eel/bolt of electricity (9)]
 13282 | Lair:3   | Killed from afar by an electric eel

Illustrated notes

Levels and vault maps discovered:
D:1:      shiori_shiawase, layout_loops_cross, minmay_misc_feat_square,
          palyth_stone_intersect, minivault_14
D:2:      layout_loops_ring, nicolae_ru_awakened_eye, uniq_crazy_yiuf_cottage
D:3:      layout_loops_corners, lemuel_round_altar
D:4:      layout_loops_cross, minmay_temple_entry_drinking_statues, tgw_xom,
          uniq_pikel
D:5:      minmay_bubble_buster, layout_cave_pools, grunt_temple_overflow_open,
          minmay_misc_feat_encased, uniq_eustachio
D:6:      layout_basic
D:7:      layout_basic, uniq_joseph
D:8:      layout_cave_pods, lemuel_oklob_altar
D:9:      layout_roguey, minitemple, lair_entry_dummy, serial_shops,
          nicolae_shop_behind_doors, serial_rivers,
          chequers_serial_rivers_small_a, chequers_serial_rivers_micro_e,
          chequers_serial_rivers_marsh, chequers_serial_rivers_micro_d,
          uniq_psyche
Lair:1:   beast_lair_carwin_large_4, layout_loops_ring
Lair:2:   layout_chaotic_city
Lair:3:   layout_hall_layers, elwin_shoals_entry_stream, ebering_ghost_xom,
          serial_bayou_pond_c, uniq_rupert

Skill      XL: |  1  2  3  4  5  6  7  8  9 10 11 12 |
---------------+-------------------------------------+-----
Maces & Flails | 3 4 5 6 7 10 11 13 14 | 14.0
Armour         | 5 8 10 | 10.7
Shields        | 4 |  4.0
Fighting       | 5 8 10 | 10.6
Dodging        | 3 6 8 9 |  9.1
Invocations    | 3 5 7 8 |  8.3

Action                   |  1- 3 |  4- 6 |  7- 9 | 10-12 || total
-------------------------+-------+-------+-------+-------++-------
Melee: Flail             |    72 |   112 |   264 |   121 ||   569
       Headbutt          |    16 |    25 |    75 |   102 ||   218
       Morningstar       |       |       |       |   250 ||   250
Invok: Recite            |       |     3 |    11 |     8 ||    22
       Donate Gold       |       |     1 |       |       ||     1
       Vitalisation      |       |       |     1 |     9 ||    10
  Use: Potion            |       |     2 |       |     3 ||     5
       Scroll            |       |    10 |    12 |    10 ||    32
 Stab: Confused          |       |       |     1 |     1 ||     2
Armor: Chain mail        |    54 |    74 |    92 |   154 ||   374
Dodge: Dodged            |    40 |    50 |    91 |   194 ||   375
Block: Buckler           |       |       |     8 |    88 ||    96

Table legend: (Time is in decaauts)
 A = Elapsed time spent in this place.
 B = Non-inter-level travel time spent in this place.
 C = Inter-level travel time spent in this place.
 D = Time resting spent in this place.
 E = Time spent auto-exploring this place.
 F = Levels seen in this place.
 G = Mean time per level.
                   A        B        C        D        E       F      G
               +--------+--------+--------+--------+--------+-----+--------+
         Total |  13163 |  12792 |    371 |   4235 |   6472 |  12 | 1096.9 |
       Dungeon |   9920 |   9625 |    295 |   3027 |   4984 |   9 | 1102.2 |
          Lair |   3242 |   3166 |     76 |   1208 |   1488 |   3 | 1080.7 |
               +--------+--------+--------+--------+--------+-----+--------+

Top non-repeatable levels by time:
  Lair:2: 1760 daAuts
     D:8: 1439 daAuts
     D:6: 1412 daAuts
  Lair:1: 1233 daAuts
     D:9: 1224 daAuts
     D:4: 1217 daAuts
     D:3: 1124 daAuts
     D:7: 1046 daAuts
     D:5: 1032 daAuts
     D:1: 733 daAuts
     D:2: 691 daAuts
  Lair:3: 248 daAuts
